Map: [ESL] Solaris

Players

ShoWTimE - Winner!

  • Race: Protoss Protoss
  • League: Master
  • Spawn Location: 7:00

Reynor

  • Race: Zerg Zerg
  • League: Master
  • Spawn Location: 1:00

Event: HomeStory Cup XXIV

VOD

Have the link to the VOD?

Description

Time

  • Played on: Dec. 3, 2023, 9:36 a.m.
  • Length: 16:50

All games in this series

Show
View Real Time Build Order
Export as new Build Order

ShoWTimE Protoss - Winner!

Build Orders: 1 Gate Expand, Oracle Opening, Archon Immortal, Carriers 

Get SALT Encoding   

  12  0:00  Probe  
  13  0:12  Probe  
  14  0:18  Pylon  
  14  0:24  Probe  
  15  0:36  Probe (Chrono Boost)  
  15  0:39  Gateway  
  16  0:46  Probe (Chrono Boost)  
  16  0:48  Assimilator  
  17  0:51  Probe (Chrono Boost)  
  18  1:03  Probe  
  19  1:15  Probe  
  20  1:25  Nexus  
  20  1:35  Cybernetics Core  
  20  1:37  Probe  
  21  1:44  Assimilator  
  21  1:49  Probe  
  21  1:52  Pylon  
  22  2:01  Probe  
  23  2:08  Adept (Chrono Boost)  
  23  2:13  Probe  
  26  2:22  Stargate  
  26  2:25  Probe (Chrono Boost)  
  26  2:28  Adept (Chrono Boost)  
  27  2:37  Warp Gate, Probe (Chrono Boost)  
  30  2:43  Probe (Chrono Boost)  
  31  2:46  Probe (Chrono Boost)  
  31  2:50  Probe (Chrono Boost)  
  31  2:51  Probe (Chrono Boost), Adept  
  36  3:02  Probe  
  36  3:03  Probe  
  38  3:07  Pylon  
  38  3:08  Oracle (Chrono Boost)  
  41  3:14  Probe  
  41  3:15  Probe  
  43  3:21  Adept  
  43  3:26  Probe  
  46  3:27  Probe  
  46  3:29  Gateway  
  47  3:37  Oracle (Chrono Boost)  
  47  3:38  Probe  
  47  3:39  Probe  
  49  3:45  Pylon  
  52  3:50  Probe  
  52  3:51  Probe  
  54  4:03  Probe  
  54  4:08  Nexus, Probe  
  56  4:12  Oracle (Chrono Boost)  
  56  4:15  Probe  
  60  4:18  Pylon  
  60  4:20  Probe  
  61  4:28  Probe  
  61  4:30  Assimilator  
  62  4:33  Assimilator, Forge  
  62  4:34  Gateway  
  62  4:36  Robotics Facility, Probe  
  63  4:40  Probe  
  63  4:44  Pylon  
  64  4:48  Probe  
  64  4:52  Probe, Adept x2  
  70  5:00  Protoss Ground Weapons Level 1 (Chrono Boost)  
  70  5:02  Gateway, Probe  
  70  5:04  Probe  
  72  5:17  Probe (Chrono Boost)  
  72  5:19  Sentry x2, Shield Battery, Probe (Chrono Boost)  
  78  5:22  Pylon, Probe (Chrono Boost)  
  78  5:26  Immortal (Chrono Boost)  
  81  5:31  Probe x2 (Chrono Boost)  
  81  5:32  Probe (Chrono Boost)  
  86  5:36  Probe (Chrono Boost)  
  86  5:39  Probe  
  86  5:40  Probe  
  89  5:48  Assimilator, Probe  
  86  5:50  Twilight Council  
  86  5:51  Assimilator, Probe  
  86  5:52  Probe  
  86  5:55  Phoenix x2  
  88  6:00  Probe  
  88  6:02  Pylon  
  88  6:03  Probe  
  90  6:04  Probe  
  90  6:05  Immortal  
  90  6:10  Sentry x2, Zealot  
  101  6:15  Pylon  
  101  6:17  Pylon  
  101  6:20  Photon Cannon, Probe x3  
  101  6:22  Photon Cannon  
  104  6:26  Stalker  
  104  6:28  Charge (Chrono Boost)  
  104  6:32  Templar Archives  
  106  6:38  Pylon  
  106  6:41  Nexus  
  106  6:45  Observer (Chrono Boost), Pylon  
  106  6:46  Probe  
  106  6:47  Probe x2  
  109  6:51  Zealot x3  
  109  6:53  Protoss Ground Weapons Level 2 (Chrono Boost)  
  113  6:55  Phoenix  
  113  7:02  Warp Prism (Chrono Boost)  
  115  7:11  Probe x2  
  115  7:12  Probe  
  118  7:16  Photon Cannon  
  118  7:18  Photon Cannon  
  118  7:20  Photon Cannon  
  118  7:23  Zealot x4, Probe  
  118  7:28  Gateway  
  127  7:38  Gateway  
  127  7:40  Gateway x2  
  127  7:43  Immortal (Chrono Boost)  
  131  7:48  Shield Battery  
  131  7:50  Shield Battery  
  131  7:53  Blink, Photon Cannon, Shield Battery  
  131  7:55  Shield Battery  
  131  7:59  High Templar x4  
  131  8:04  Archon x2  
  139  8:05  Gateway  
  139  8:09  Photon Cannon  
  139  8:18  Gateway  
  139  8:20  Immortal (Chrono Boost)  
  139  8:22  Pylon  
  139  8:25  High Templar  
  145  8:29  Pylon  
  145  8:30  Gateway  
  145  8:32  Gateway, High Templar  
  147  8:35  Pylon  
  139  8:41  Archon  
  139  8:46  Zealot x6  
  151  8:48  Photon Cannon  
  151  8:52  Immortal (Chrono Boost)  
  151  8:53  Photon Cannon  
  151  8:54  Shield Battery  
  155  9:00  High Templar  
  155  9:01  High Templar  
  158  9:05  Archon  
  158  9:06  High Templar x2  
  158  9:07  High Templar x2  
  158  9:08  Zealot x3  
  172  9:10  Archon  
  172  9:11  Archon  
  172  9:14  Zealot  
  170  9:22  Protoss Ground Weapons Level 3 (Chrono Boost)  
  164  9:28  Immortal (Chrono Boost)  
  164  9:32  Assimilator  
  164  9:33  Zealot x5, Assimilator  
  164  9:36  Pylon  
  172  9:42  Probe x3  
  172  9:43  Probe  
  176  9:48  Photon Cannon  
  174  9:54  Protoss Air Weapons Level 1, Probe  
  174  9:57  Zealot x3  
  174  9:58  Zealot x4  
  187  10:01  Zealot, Immortal (Chrono Boost)  
  177  10:09  Fleet Beacon  
  177  10:20  Stargate  
  167  10:21  Stargate  
  167  10:27  Zealot x2  
  167  10:28  Zealot x6  
  181  10:33  Photon Cannon  
  175  10:38  Photon Cannon  
  175  10:40  Observer (Chrono Boost)  
  176  10:54  Pylon  
  152  11:04  Zealot x6  
  152  11:05  Carrier x2 (Chrono Boost)  
  152  11:06  Carrier (Chrono Boost)  
  182  11:18  Photon Cannon  
  182  11:21  Shield Battery, Pylon  
  182  11:27  High Templar x3  
  182  11:28  High Templar  
  182  11:31  Archon  
  182  11:32  Archon  
  190  11:34  Pylon  
  190  11:38  Zealot x3  
  196  11:40  Zealot  
  196  12:06  Carrier (Chrono Boost), Protoss Air Weapons Level 2 (Chrono Boost), Protoss Shields Level 1 (Chrono Boost)  
  196  12:35  Zealot x2, Pylon  
  200  12:37  Nexus  
  200  12:41  Pylon  
  188  12:51  Zealot x6  
  188  12:53  Psionic Storm  
  188  12:58  Carrier (Chrono Boost)  
  200  13:10  Photon Cannon  
  200  13:11  Carrier (Chrono Boost), Photon Cannon  
  200  13:12  Zealot x4, Photon Cannon  
  194  13:14  Photon Cannon  
  200  13:21  Robotics Facility  
  200  13:25  Shield Battery  
  200  13:27  Shield Battery  
  194  13:35  Carrier (Chrono Boost)  
  194  13:45  High Templar x3  
  200  13:52  Protoss Shields Level 2 (Chrono Boost)  
  200  13:53  Assimilator  
  200  13:57  Assimilator  
  200  14:00  Shield Battery  
  200  14:01  Shield Battery  
  200  14:03  Shield Battery  
  200  14:04  Pylon  
  200  14:11  Photon Cannon  
  200  14:12  Photon Cannon  
  200  14:21  High Templar x3  
  192  14:30  High Templar x3  
  192  14:31  High Templar  
  198  14:34  Photon Cannon  
  198  14:36  Nexus, Archon x2  
  198  14:37  Warp Prism (Chrono Boost)  
  198  14:42  Pylon  
  198  14:54  Gateway  
  198  14:56  Gateway  
  190  15:26  Observer  
  191  15:36  Zealot x4  
  199  15:52  Observer  
  196  16:04  Archon  
  196  16:05  High Templar x2  
  200  16:21  High Templar  
  200  16:32  Zealot x3  
  200  16:35  Photon Cannon  
  200  16:37  Photon Cannon  
  200  16:39  Photon Cannon  
  190  16:40  Photon Cannon  
Show
View Real Time Build Order
Export as new Build Order

Reynor Zerg 

Build Orders: Hatch First, Lurkers, Swarm Host 

Get SALT Encoding   

  12  0:00  Drone  
  13  0:12  Overlord  
  13  0:16  Drone  
  14  0:30  Drone x2  
  14  0:34  Drone  
  17  0:52  Hatchery  
  17  0:54  Drone  
  17  0:57  Drone  
  18  1:08  Extractor  
  17  1:12  Spawning Pool  
  17  1:16  Drone  
  17  1:19  Drone  
  18  1:28  Drone  
  19  1:38  Drone  
  20  1:48  Overlord  
  20  1:59  Queen  
  22  2:03  Queen  
  22  2:04  Zergling x4  
  26  2:10  Drone  
  26  2:15  Drone  
  28  2:16  Metabolic Boost  
  28  2:24  Drone  
  28  2:27  Zergling x2  
  30  2:38  Drone  
  30  2:40  Hatchery  
  30  2:42  Zergling x2  
  31  2:46  Drone  
  31  2:49  Queen  
  34  2:57  Spore Crawler  
  33  2:59  Spore Crawler  
  33  3:04  Drone  
  33  3:05  Drone, Overlord  
  35  3:18  Overlord  
  35  3:19  Drone  
  36  3:23  Queen  
  36  3:24  Drone x4  
  42  3:29  Queen  
  44  3:36  Drone x2, Spore Crawler  
  44  3:40  Drone x2  
  47  3:42  Drone  
  47  3:45  Drone  
  47  3:47  Zergling x4  
  51  3:50  Drone  
  51  3:53  Zergling x2  
  53  4:02  Drone x2  
  53  4:05  Spore Crawler  
  53  4:08  Drone  
  51  4:10  Drone  
  51  4:13  Drone x2  
  51  4:14  Drone x2  
  51  4:15  Drone  
  57  4:21  Zergling x2  
  57  4:22  Overlord  
  58  4:24  Overlord  
  58  4:27  Spore Crawler  
  58  4:30  Drone  
  57  4:32  Spore Crawler  
  57  4:33  Overlord  
  57  4:34  Drone  
  57  4:39  Overlord  
  57  4:41  Drone  
  57  4:42  Queen  
  57  4:44  Drone  
  61  4:46  Drone  
  61  4:47  Drone  
  61  4:48  Drone  
  61  4:51  Drone x2  
  66  4:53  Drone  
  66  4:54  Drone  
  66  4:57  Drone x2  
  70  5:01  Zergling x6  
  72  5:07  Drone x2  
  72  5:08  Spore Crawler  
  72  5:13  Drone x4  
  75  5:15  Drone x2  
  75  5:21  Evolution Chamber  
  75  5:22  Drone, Roach Warren  
  75  5:25  Drone x2  
  77  5:28  Lair  
  77  5:30  Drone  
  77  5:35  Overlord  
  78  5:37  Drone x4  
  81  5:46  Drone x2, Spore Crawler  
  81  5:47  Drone x3  
  81  5:49  Drone  
  85  5:51  Zerg Missile Weapons Level 1  
  85  5:52  Extractor  
  85  5:53  Extractor  
  85  5:55  Extractor  
  82  5:57  Drone x2  
  82  6:00  Drone x2  
  82  6:03  Overlord  
  86  6:05  Drone x3  
  86  6:09  Extractor, Overlord  
  86  6:10  Hatchery  
  86  6:11  Drone, Extractor  
  87  6:13  Overlord  
  87  6:15  Drone x3  
  90  6:19  Overlord  
  90  6:22  Queen  
  90  6:25  Roach x3  
  98  6:28  Infestation Pit  
  98  6:30  Roach x2  
  101  6:36  Glial Reconstitution  
  101  6:37  Overlord  
  101  6:42  Roach  
  101  6:43  Roach x2  
  101  6:44  Overlord  
  108  6:47  Drone x4  
  111  7:00  Roach x2  
  111  7:01  Roach  
  116  7:02  Overlord  
  116  7:08  Overlord  
  116  7:16  Overlord x2  
  116  7:25  Swarm Host x9  
  116  7:28  Extractor  
  116  7:29  Swarm Host  
  142  7:32  Zergling x8  
  142  7:36  Roach x2  
  152  7:37  Overlord  
  152  7:41  Zergling x4, Roach x4  
  160  7:46  Overlord  
  160  7:52  Ravager x2  
  160  7:56  Ravager x2  
  160  7:57  Zergling x2  
  160  7:58  Zergling x14  
  172  8:00  Spore Crawler  
  172  8:01  Spine Crawler  
  170  8:09  Overseer  
  170  8:14  Ravager x3  
  170  8:16  Roach x4  
  170  8:18  Roach  
  183  8:22  Extractor  
  182  8:28  Overlord  
  182  8:29  Zerg Missile Weapons Level 2, Overlord x3  
  179  8:42  Roach  
  179  8:43  Roach  
  179  8:44  Overlord  
  183  8:49  Ravager x5  
  183  8:54  Drone x3  
  191  8:56  Spine Crawler  
  191  8:57  Spine Crawler  
  189  9:05  Ravager x4  
  187  9:10  Roach x6  
  187  9:12  Drone x4  
  192  9:25  Drone x4  
  192  9:30  Hive  
  192  9:34  Drone x4  
  192  9:37  Ravager x4  
  199  9:42  Drone  
  195  9:58  Drone x6  
  193  10:01  Hydralisk Den  
  188  10:15  Hatchery  
  188  10:19  Roach x3  
  188  10:20  Roach x7  
  193  10:29  Drone x2  
  193  10:32  Lurker Den  
  194  10:41  Drone x2  
  196  10:54  Hatchery  
  189  11:02  Hatchery  
  176  11:07  Roach x2  
  176  11:08  Roach x7  
  194  11:11  Hydralisk  
  194  11:12  Hydralisk x2  
  200  11:30  Seismic Spines  
  200  11:43  Spine Crawler  
  200  11:44  Spine Crawler  
  200  11:45  Spine Crawler  
  200  11:46  Lurker x3  
  200  11:57  Zerg Ground Armor Level 1  
  200  11:58  Spire  
  197  12:09  Drone x3  
  198  12:22  Spore Crawler  
  197  12:23  Spore Crawler  
  197  12:24  Hydralisk, Spore Crawler  
  197  12:27  Adaptive Talons, Overlord x4  
  197  12:40  Overlord  
  178  13:00  Hydralisk x10  
  194  13:09  Drone x2  
  194  13:10  Zerg Flyer Armor Level 1  
  181  13:17  Hydralisk x11  
  199  13:24  Drone  
  200  13:32  Drone x2  
  200  13:49  Hydralisk Den  
  200  13:50  Spore Crawler  
  200  13:51  Extractor  
  197  14:02  Lurker x3  
  199  14:09  Zerg Ground Armor Level 2  
  197  14:25  Lurker x3  
  200  14:31  Overlord x2  
  200  14:32  Muscular Augments  
  191  14:42  Hydralisk x11  
  191  14:43  Hydralisk x2  
  199  14:52  Spore Crawler x2  
  197  14:54  Spore Crawler, Spine Crawler  
  197  14:55  Spore Crawler  
  197  14:56  Spore Crawler  
  197  14:57  Lurker x7  
  194  15:19  Hydralisk x3  
  181  15:25  Hydralisk x5  
  180  15:28  Hydralisk x4  
  188  15:36  Grooved Spines  
  188  15:37  Hydralisk x5  
  198  15:47  Hydralisk  
  178  16:04  Hydralisk x7  
  175  16:20  Hydralisk x2  
  175  16:21  Hydralisk  
Tags
 
Add a new tag
Caveats
  • Supply blocks, unpowered buildings, or Contaminate may cause inaccurate times.
  • Supply counts are checked every 10 seconds.